 Dungeon Crawl Stone Soup version 0.18.1-48-g4cf74bf (webtiles) character file.

289888 tyranidshit the Slayer (level 19, -4/191 HPs)
             Began as a Minotaur Berserker on July 16, 2016.
             Was the Champion of Trog.
             Killed from afar by a starcursed mass (12 damage)
             ... with an accursed screaming
             ... on level 3 of the Abyss.
             The game lasted 02:44:42 (25846 turns).

tyranidshit the Slayer (Minotaur Berserker)        Turns: 25846, Time: 02:44:43

Health: -4/191     AC: 41    Str: 31    XL:     19   Next: 92%
Magic:  21/25      EV: 16    Int: -10 (5) God:    Trog [******]
Gold:   2318       SH: 20    Dex: 20    Spells: 0 memorised, 18 levels left

rFire  + . .     SeeInvis .     u - +6 broad axe (elec)
rCold  . . .     Gourm    .     x - +5 crystal plate armour of Apawnediav {-Cast Dex+5}
rNeg   . . .     Faith    .     q - +4 shield of True Grit {+Inv rF+ rCorr}
rPois  .         Spirit   .     (helmet unavailable)
rElec  +         Dismiss  .     t - +2 cloak
rCorr  +         Reflect  .     h - +2 pair of gloves
SustAt .         Harm     .     U - +1 pair of boots {Stlth+}
MR     ++...     NoCast   +     A - amulet of Arrival {+Blink rElec MR- Regen+ Str+4}
Stlth  ..........               N - +3 ring of protection
                                I - +3 ring of dexterity

@: very slightly contaminated, recuperating, badly diseased, slowed, lost
intelligence, very slow, very resistant to hostile enchantments, extremely
unstealthy
A: retaliatory headbutt, horns 3, talons 2, MP-powered wands
a: Berserk, Trog's Hand, Brothers in Arms, Burn Spellbooks, Renounce Religion,
Evoke Blink, Evoke Invisibility
}: 2/15 runes: barnacled, gossamer


You were on level 3 of the Abyss.
You worshipped Trog.
Trog was exalted by your worship.
You were not hungry.

You visited 7 branches of the dungeon, and saw 35 of its levels.
You visited the Abyss 1 time.
You visited 1 bazaar.
You also visited: Labyrinth, Ossuary and Bailey.

You collected 3776 gold pieces.
You spent 1458 gold pieces at shops.

Inventory:

Hand Weapons
 c - the +2 blowgun of Flawed Execution {speed, rF++ rC++ MR-}
   (You found it on level 4 of the Shoals)

   Attacks with this weapon are significantly faster.
   It greatly protects you from fire.
   It greatly protects you from cold.
   It affects your resistance to hostile enchantments.
 r - a +0 blowgun
 u - a +6 broad axe of electrocution (weapon)
Missiles
 d - 5 needles of confusion
 g - 71 poisoned needles
Armour
 f - a +2 hat
 h - a +2 pair of gloves (worn)
 q - the +4 shield of True Grit (worn) {+Inv rF+ rCorr}
   (You acquired it on level 1 of the Elven Halls)

   It protects you from fire.
   It lets you turn invisible.
   It protects you from acid and corrosion.
 t - a +2 cloak (worn)
 x - the +5 crystal plate armour of Apawnediav (worn) {-Cast Dex+5}
   (You acquired it on level 1 of the Elven Halls)

   It affects your dexterity (+5).
   It prevents spellcasting.
 U - a +1 pair of boots of stealth (worn)
Jewellery
 j - an uncursed ring of sustain attributes
 A - the amulet of Arrival (around neck) {+Blink rElec MR- Regen+ Str+4}
   (You bought it in a shop on level 7 of the Dungeon)

   [amulet of regeneration]

   It affects your strength (+4).
   It insulates you from electricity.
   It affects your resistance to hostile enchantments.
   It lets you blink.
   It increases your rate of regeneration.
 I - a +3 ring of dexterity (left hand)
 N - a +3 ring of protection (right hand)
Wands
 B - a wand of hasting (0/9)
 F - a wand of teleportation (9/9)
Scrolls
 a - 5 scrolls of identify
 b - 13 scrolls of teleportation
 k - a scroll of silence
 l - 10 scrolls of blinking
 o - 24 scrolls of remove curse
 y - 3 scrolls of holy word
 C - 5 scrolls of fog
 H - 9 scrolls of fear
Potions
 e - 4 potions of curing
 i - 4 potions of cancellation
 s - 7 potions of brilliance
 v - 4 potions of berserk rage
 w - 3 potions of might
 z - 4 potions of ambrosia
 D - 2 potions of flight
 E - 4 potions of invisibility
 J - a potion of resistance
 L - 2 potions of cure mutation
 M - 2 potions of magic
 Q - 5 potions of agility
Comestibles
 P - a slice of pizza
 T - 27 fruits
 V - 4 meat rations


   Skills:
 - Level 21.7 Fighting
 - Level 18.2 Axes
 + Level 15.0 Armour
 + Level 14.1 Dodging
 + Level 15.5 Shields
 - Level 10.1 Evocations


You had 18 spell levels left.
You didn't know any spells.

Dungeon Overview and Level Annotations

Branches:
Dungeon (15/15)            Temple (0/1) D:5            Lair (8/8) D:10
 Shoals (4/4) Lair:4       Spider (4/4) Lair:4        Slime (0/6) Lair:8
    Orc (2/2) D:10            Elf (1/3) Orc:2        Vaults (1/5) D:14
 Depths (0/5) D:15

Altars:
Ashenzari
Cheibriados
Elyvilon
Fedhas
Gozag
Makhleb
Pakellas
Zin
The Shining One
Beogh

Shops:
D:4 :!   D:5 *%((*   D:7 =   D:9 %   D:10 [   Orc:1 *   Orc:2 :([?*
Shoals:1 }   Shoals:2 (


Innate Abilities, Weirdness & Mutations

You reflexively headbutt those who attack you in melee.
You have a pair of large horns on your head.
You have razor-sharp toenails.
You expend magic power (3 MP) to strengthen your wands.


Message History

Unknown command.
You blink.
You feel slightly more hungry. You block the starcursed mass's attack.
You blink.
You feel slightly more hungry. You block the starcursed mass's attack.
The guardian serpent coils itself and performs some mystic snake dance.
The starcursed mass blinks!
The flying skull hits you!
* * * LOW HITPOINT WARNING * * *
You block the ancient zyme's attack. x2
The starcursed mass engulfs you but does no damage.
Your body shudders with the violent release of wild energies!
You feel your magical essence link to your wands.
You feel less contaminated with magical energies.
You blink.
You feel slightly more hungry.
You block the large abomination's attack.
You feel ill.
The rakshasa hits you but does no damage.
You block the large abomination's attack.
A cacophony of accursed wailing tears at your sanity!
You die...

####.##..#
##.X#X#.#..
#.xxS..#.##
###X#XX....
##§XXX##...
#.#z#N#####
##..RX.## ##
#.X#x.#.#..#
###.@#.NN.# .
#....#.#4.# #. .
#..###...#....#.###
.# ## #..... ... .
# ...#.........#.
##. .....#.####X.#
...... # .##.##
#.X..... . .# #
#..S...§ X
#...#..##


X You could see 8 starcursed masses, a naga warrior, a rakshasa, 2 ancient
zymes, a large abomination, a guardian serpent, a small abomination and a flying
skull.

Vanquished Creatures
  Arachne (Spider:2)
  Polyphemus (Shoals:3)
  Ilsuiw (Shoals:4)
  3 frost giants (Shoals:4)
  Louise (Shoals:3)
  3 orc warlords
  5 emperor scorpions
  8 ghost moths
  An ironheart preserver (Vaults:1)
  A spark wasp (Spider:2)
  4 merfolk javelineers
  Snorg (Lair:7)
  A purple draconian (Abyss:3)
  A minotaur (Lab)
  A yaktaur captain (Vaults:1)
  12 merfolk impalers
  2 vault guards
  3 fire dragons
  An ogre mage (Vaults:1)
  Harold (Orc:1)
  4 entropy weavers
  7 hydras
  A catoblepas (Shoals:3)
  Erolcha (D:8)
  4 centaur warriors
  2 merfolk avatars
  A dancing weapon (Orc:2)
  A queen ant (Lair:6)
  8 merfolk aquamancers
  A satyr (Shoals:4)
  10 death yaks
  A hell hog (Abyss:3)
  5 tengu warriors
  A vampire mage (D:15)
  3 thrashing horrors (Abyss:3)
  Sonja (D:13)
  A shadow wraith (Vaults:1)
  7 sea snakes
  An unseen horror (Lab)
  A swamp dragon (Lair:1)
  A wizard (Vaults:1)
  2 large abominations (Abyss:3)
  A deep elf archer (Vaults:1)
  3 orc knights
  7 hill giants
  A wolf spider zombie (D:14)
  22 orb spiders
  13 harpies
  An ironbrand convoker (Vaults:1)
  A frost giant zombie (D:15)
  46 wolf spiders
  3 deep elf magi
  6 ugly things
  6 cyclopes
  11 hornets
  10 griffons
  5 orc sorcerers (Orc:2)
  10 manticores
  4 fauns (Shoals:1)
  A moth of wrath (Spider:3)
  An apocalypse crab (Abyss:3)
  An elephant (Lair:5)
  6 black mambas
  2 torpor snails
  3 water nymphs
  9 sirens
  A smoke demon (Abyss:3)
  3 centaur zombies
  3 centaur skeletons
  2 gargoyles
  4 yaktaurs (Vaults:1)
  11 komodo dragons
  20 spiny frogs
  4 starcursed masses (Abyss:3)
  9 demonic crawlers
  4 rime drakes
  3 tengu conjurers
  3 efreet
  24 merfolk
  41 jumping spiders
  7 trolls
  4 giant leeches (Spider:4)
  6 polar bears
  3 two-headed ogres
  4 wind drakes
  6 boulder beetles
  23 blink frogs
  11 slime creatures
  6 snapping turtles
  78 redbacks
  15 water elementals
  33 tarantellas
  6 basilisks
  Grum (D:8)
  52 yaks
  9 vampire mosquitoes
  A neqoxec (Abyss:3)
  10 wyverns
  A chaos spawn (Abyss:3)
  6 steam dragons
  14 hippogriffs
  2 hungry ghosts
  4 mottled dragons
  4 wargs
  10 soldier ants
  18 water moccasins
  14 porcupines
  36 orc warriors
  8 sky beasts
  A swamp drake (Lair:8)
  An eye of draining (D:12)
  6 wasps
  6 ice beasts
  4 phantoms
  7 necrophages
  A black bear (Lair:2)
  17 centaurs
  17 wolves
  4 boggarts (Vaults:1)
  18 ogres
  14 crocodiles
  15 giant frogs
  A big kobold (D:8)
  A wyvern zombie (D:13)
  A small abomination (Abyss:3)
  An earth elemental (Lab)
  A wyvern skeleton (D:14)
  5 scorpions
  A troll skeleton (Lab)
  17 wights
  4 howler monkeys
  5 electric eels
  7 crimson imps
  2 giant frog zombies
  5 hounds
  6 orc priests
  5 jellies
  A quasit (D:8)
  A giant frog skeleton (D:5)
  8 orc wizards
  12 iguanas
  37 worker ants
  Ijyb (D:3)
  4 sheep (Lair:7)
  2 big kobold zombies (Ossuary)
  A hound zombie (D:9)
  2 hound skeletons
  11 mummies
  11 gnolls
  4 howler monkey skeletons
  79 river rats
  17 adders
  3 shadow imps
  An ufetubus (Abyss:3)
  2 oozes
  2 adder skeletons
  An adder zombie (D:8)
  6 worms
  7 dart slugs
  2 giant geckos
  67 orcs
  6 giant cockroaches
  3 gnoll zombies (Ossuary)
  26 goblins
  23 hobgoblins
  9 jackals
  14 kobolds
  2 quokkas
  7 bats
  2 giant gecko skeletons
  10 giant newts
  A hobgoblin zombie (Ossuary)
  2 kobold zombies (Ossuary)
  3 quokka zombies
  8 rats
  18 fungi
  11 plants
1413 creatures vanquished.

Vanquished Creatures (collateral kills)
  An orc high priest (Orc:2)
  2 orc knights (Orc:2)
  An orc sorcerer (Orc:2)
  A cyclops (Orc:2)
  4 orc warriors (Orc:2)
9 creatures vanquished.

Vanquished Creatures (others)
  A griffon (Shoals:4)
  An ancient zyme (Abyss:3)
  A jumping spider (Spider:1)
  A ynoxinul (Abyss:3)
  A water elemental (Shoals:4)
  A boggart (Vaults:1)
  4 fungi
  A plant (Shoals:4)
  A withered plant (D:15)
12 creatures vanquished.

Grand Total: 1434 creatures vanquished

Notes
Turn   | Place    | Note
--------------------------------------------------------------
     0 | D:1      | tyranidshit the Minotaur Berserker began the quest for the Orb.
     0 | D:1      | Reached XP level 1. HP: 19/19 MP: 0/0
    44 | D:1      | Reached skill level 4 in Fighting
   106 | D:1      | Reached XP level 2. HP: 17/28 MP: 1/1
   438 | D:1      | Reached skill level 5 in Fighting
   446 | D:1      | Reached XP level 3. HP: 14/36 MP: 2/2
   461 | D:1      | Reached ** piety under Trog
   615 | D:2      | Found a snail-covered altar of Cheibriados.
   801 | D:2      | You fall through a shaft!
   873 | D:3      | Noticed a scorpion
   880 | D:3      | Killed a scorpion
   880 | D:3      | Reached skill level 6 in Fighting
   880 | D:3      | Reached XP level 4. HP: 45/45 MP: 3/3
  1039 | D:2      | Reached *** piety under Trog
  1164 | D:2      | Reached skill level 7 in Fighting
  1164 | D:2      | Reached XP level 5. HP: 44/52 MP: 4/4
  1476 | D:3      | Noticed Ijyb
  1481 | D:3      | Killed Ijyb
  1723 | D:4      | Reached skill level 8 in Fighting
  1898 | D:3      | Reached XP level 6. HP: 54/61 MP: 5/5
  2309 | D:4      | Found Plog's Distillery.
  2320 | D:4      | Bought a potion of degeneration for 12 gold pieces
  2450 | D:4      | Found Utwy's Book Shop.
  2549 | D:4      | Reached skill level 9 in Fighting
  2706 | D:5      | Entered Level 5 of the Dungeon
  2706 | D:5      | Found Diots's Food Shop.
  2727 | D:5      | Noticed a sky beast
  2734 | D:5      | Killed a sky beast
  2734 | D:5      | Reached XP level 7. HP: 54/71 MP: 6/6
  2751 | D:5      | Reached skill level 10 in Fighting
  2766 | D:5      | Found a staircase to the Ecumenical Temple.
  2964 | D:5      | Found Geiruvug's Assorted Antiques.
  2974 | D:5      | Bought a scroll labeled CUR NITAUWE for 23 gold pieces
  3125 | D:5      | Reached XP level 8. HP: 43/79 MP: 7/7
  3238 | D:5      | Found Vugifie's Antique Weapon Shop.
  3284 | D:5      | Reached skill level 5 in Axes
  3340 | D:5      | Found Woariada's Assorted Antiques.
  3348 | D:5      | Bought an inky potion for 22 gold pieces
  3348 | D:5      | Bought a metallic orange potion for 22 gold pieces
  3435 | D:5      | Found Kajoibbu's Weapon Boutique.
  3658 | D:6      | Found a sand-covered staircase.
  3681 | Ossuary  | Entered an ossuary
  3715 | Ossuary  | Reached skill level 5 in Armour
  3745 | Ossuary  | Reached skill level 5 in Dodging
  4119 | D:6      | Got an ancient robe
  4130 | D:6      | Identified the +2 robe of Okawaru's Approval {rF+ SInv} (You found it on level 6 of the Dungeon)
  4159 | D:6      | Found an opulent altar of Gozag.
  4355 | D:7      | Reached **** piety under Trog
  4390 | D:7      | Reached XP level 9. HP: 52/85 MP: 8/8
  4391 | D:7      | Found a blossoming altar of Fedhas.
  4518 | D:7      | Found a burning altar of Makhleb.
  4622 | D:7      | Found Muell's Jewellery Shoppe.
  4932 | D:8      | Noticed Grum
  4942 | D:8      | Killed Grum
  5096 | D:8      | Noticed Erolcha
  5106 | D:8      | Killed Erolcha
  5106 | D:8      | Reached XP level 10. HP: 83/93 MP: 9/9
  5332 | D:8      | Found a shattered altar of Ashenzari.
  5587 | D:9      | Found Uhofuz's Food Boutique.
  5662 | D:9      | Identified the Guide on Beguiling and Darkness
  5714 | D:9      | Found a glowing golden altar of the Shining One.
  5714 | D:9      | Found a glowing silver altar of Zin.
  5714 | D:9      | Found a white marble altar of Elyvilon.
  5984 | D:9      | Reached skill level 10 in Axes
  6195 | D:10     | Entered Level 10 of the Dungeon
  6204 | D:10     | Reached skill level 10 in Armour
  6223 | D:10     | Identified a scroll of acquirement
  6252 | D:10     | Noticed a hill giant
  6259 | D:10     | Killed a hill giant
  6322 | D:10     | Reached skill level 10 in Dodging
  6333 | D:10     | Reached XP level 11. HP: 82/99 MP: 10/10
  6385 | D:10     | Found an oddly glowing altar of Pakellas.
  6405 | D:10     | Found a staircase to the Lair.
  6452 | D:10     | Found a staircase to the Orcish Mines.
  6482 | D:10     | Found Nefemequahy's Armour Shop.
  6607 | D:10     | Noticed a hill giant
  6616 | D:10     | Killed a hill giant
  6616 | D:10     | Reached skill level 11 in Fighting
  6724 | Lair:1   | Entered Level 1 of the Lair of Beasts
  6827 | Lair:1   | Noticed a seven-headed hydra
  6841 | Lair:1   | Killed a ten-headed hydra
  6857 | Lair:1   | Reached skill level 12 in Fighting
  6914 | Lair:1   | Found a labyrinth entrance.
  6923 | Lab      | Entered a labyrinth
  7077 | Lab      | Killed an unseen horror
  7132 | Lab      | Reached skill level 13 in Fighting
  7343 | Lab      | Noticed a minotaur
  7354 | Lab      | Killed a minotaur
  7639 | Lair:1   | Reached skill level 14 in Fighting
  7931 | Lair:1   | Noticed a swamp dragon
  7935 | Lair:1   | Killed a swamp dragon
  7992 | Lair:2   | Reached XP level 12. HP: 83/118 MP: 11/11
  8226 | Lair:2   | Reached skill level 15 in Fighting
  8468 | D:7      | Bought the amulet of Arrival {+Blink rElec MR- Regen+ Str+4} for 828 gold pieces
  8668 | Lair:2   | Reached skill level 1 in Evocations
  8922 | Lair:3   | Reached ***** piety under Trog
  9132 | Lair:3   | Reached skill level 5 in Evocations
  9715 | Lair:4   | Noticed a death yak
  9716 | Lair:4   | Noticed a death yak
  9726 | Lair:4   | Killed a death yak
  9729 | Lair:4   | Found a hole to the Spider Nest.
  9743 | Lair:4   | Killed a death yak
  9743 | Lair:4   | Received a gift from Trog
 10052 | Lair:4   | Found a staircase to the Shoals.
 10251 | Lair:5   | Reached XP level 13. HP: 78/126 MP: 18/18
 10401 | Lair:5   | Reached ****** piety under Trog
 10401 | Lair:5   | Reached skill level 10 in Evocations
 10606 | D:10     | Bought a +2 shield of fire resistance for 236 gold pieces
 10727 | Lair:5   | Reached skill level 1 in Shields
 10911 | Lair:5   | Received a gift from Trog
 11238 | Lair:6   | Reached skill level 16 in Fighting
 11302 | Lair:6   | Reached skill level 5 in Shields
 11547 | Lair:6   | Received a gift from Trog
 12048 | Lair:7   | Noticed Snorg
 12057 | Lair:7   | Killed Snorg
 12202 | Lair:7   | Reached XP level 14. HP: 138/138 MP: 20/20
 12208 | Lair:7   | Reached skill level 10 in Shields
 12303 | Lair:8   | Entered Level 8 of the Lair of Beasts
 12471 | Lair:8   | Received a gift from Trog
 12793 | Lair:8   | Got a crude robe
 12812 | Lair:8   | Identified the +1 robe of Duck's Teeth {rElec rC+ Slay-6} (You found it on level 8 of the Lair of Beasts)
 12918 | Lair:8   | Found a staircase to the Slime Pits.
 12969 | Lair:8   | Reached skill level 17 in Fighting
 13017 | Lair:8   | HP: 5/140 [wolf spider (3)]
 13054 | Lair:8   | HP: 6/140 [hornet (15)]
 13552 | D:11     | Received a gift from Trog
 13767 | D:11     | Found a flagged portal.
 13779 | Bailey   | Entered a bailey
 13956 | Bailey   | Noticed an orc warlord
 13973 | Bailey   | Killed an orc warlord
 13973 | Bailey   | Reached skill level 18 in Fighting
 14015 | Bailey   | Got a slimy ring mail
 14026 | Bailey   | Identified the +3 ring mail of Eternal Vigilance {rCorr Dex+2} (You found it in a bailey)
 14414 | D:11     | Received a gift from Trog
 15045 | D:13     | Noticed Sonja
 15080 | D:13     | Killed Sonja
 15080 | D:13     | Reached skill level 19 in Fighting
 15164 | D:13     | Found a flickering gateway to a bazaar.
 15171 | Bazaar   | Entered a bazaar
 15176 | Bazaar   | Found Bamoug's Antique Armour Shop.
 15413 | Bazaar   | Found Miclef's Gadget Shop.
 15677 | D:13     | Reached XP level 15. HP: 144/152 MP: 21/21
 15930 | D:13     | Found a blossoming altar of Fedhas.
 16021 | D:13     | Gained mutation: You have sharp toenails. [potion of beneficial mutation]
 16393 | D:14     | Reached skill level 20 in Fighting
 16438 | D:14     | Received a gift from Trog
 16500 | D:15     | Entered Level 15 of the Dungeon
 16508 | D:15     | Found a staircase to the Depths.
 17215 | Orc:1    | Entered Level 1 of the Orcish Mines
 17215 | Orc:1    | Found Heatui's Assorted Antiques.
 17217 | Orc:1    | Noticed Harold
 17225 | Orc:1    | Killed Harold
 17239 | Orc:1    | Found a roughly hewn altar of Beogh.
 17431 | Orc:1    | Bought a scroll of enchant armour for 135 gold pieces
 17493 | Orc:2    | Entered Level 2 of the Orcish Mines
 17493 | Orc:2    | Found a staircase to the Elven Halls.
 17515 | Orc:2    | Reached skill level 21 in Fighting
 17559 | Orc:2    | Found Suwneeb's Antique Weapon Shoppe.
 17559 | Orc:2    | Noticed an orc warlord
 17568 | Orc:2    | Killed an orc warlord
 17637 | Orc:2    | Found Qofop's Book Boutique.
 17687 | Orc:2    | Found Gyrphew's Antique Armour Boutique.
 17716 | Orc:2    | Received a gift from Trog
 17720 | Orc:2    | Found a roughly hewn altar of Beogh.
 17856 | Orc:2    | Found Waisogit's General Store.
 17864 | Orc:2    | Paralysed by an orc sorcerer for 4 turns
 17888 | Orc:2    | Found Ucaisir's Magic Scroll Boutique.
 17971 | Orc:2    | Noticed an orc warlord
 17993 | Orc:2    | Killed an orc warlord
 18083 | Elf:1    | Entered Level 1 of the Elven Halls
 18219 | Elf:1    | Got a transparent shield
 18230 | Elf:1    | Identified the +4 shield of True Grit {+Inv rF+ rCorr} (You acquired it on level 1 of the Elven Halls)
 18252 | Elf:1    | Got an encrusted crystal plate armour
 18263 | Elf:1    | Identified the +5 crystal plate armour of Apawnediav {-Cast Dex+5} (You acquired it on level 1 of the Elven Halls)
 18275 | Orc:2    | Bought a scroll of enchant armour for 90 gold pieces
 18275 | Orc:2    | Bought a scroll of enchant armour for 90 gold pieces
 18423 | Shoals:1 | Entered Level 1 of the Shoals
 18742 | Shoals:1 | Found Caytham's Gadget Boutique.
 18937 | Shoals:2 | Found Jiplom's Antique Weapon Shoppe.
 18996 | Shoals:2 | Reached XP level 16. HP: 151/168 MP: 22/22
 19177 | Shoals:2 | Received a gift from Trog
 19673 | Shoals:3 | Noticed Louise
 19695 | Shoals:3 | Killed Louise
 19775 | Shoals:3 | Noticed Polyphemus
 19802 | Shoals:3 | Killed Polyphemus
 20021 | Shoals:4 | Entered Level 4 of the Shoals
 20198 | Shoals:4 | Noticed Ilsuiw
 20311 | Shoals:4 | Reached skill level 15 in Axes
 20521 | Shoals:4 | Got a bloodstained blowgun
 20522 | Shoals:4 | Identified the cursed +2 blowgun of Flawed Execution {speed, rF++ rC++ MR-} (You found it on level 4 of the Shoals)
 20729 | Shoals:4 | Killed Ilsuiw
 20790 | Shoals:4 | Reached XP level 17. HP: 176/176 MP: 23/23
 20929 | Shoals:4 | Got a barnacled rune of Zot
 21170 | Shoals:4 | Received a gift from Trog
 21399 | Spider:1 | Entered Level 1 of the Spider Nest
 21411 | Spider:1 | Received a gift from Trog
 21951 | Spider:2 | Noticed Arachne
 21968 | Spider:2 | Killed Arachne
 22245 | Spider:2 | Received a gift from Trog
 22918 | Spider:3 | Reached XP level 18. HP: 149/183 MP: 20/24
 23197 | Spider:3 | Received a gift from Trog
 23210 | Spider:4 | Entered Level 4 of the Spider Nest
 23699 | Spider:4 | Received a gift from Trog
 23941 | Spider:4 | Got a gossamer rune of Zot
 23984 | Spider:4 | Received a gift from Trog
 24513 | D:14     | Found a gate to the Vaults.
 24529 | Vaults:1 | Entered Level 1 of the Vaults
 24648 | Vaults:1 | Reached skill level 15 in Shields
 24702 | Vaults:1 | Paralysed by an ogre mage for 4 turns
 25162 | Spider:1 | Reached XP level 19. HP: 191/191 MP: 25/25
 25163 | Spider:1 | Gained mutation: You are resistant to hostile enchantments. [potion of beneficial mutation]
 25164 | Spider:1 | Gained mutation: You have razor-sharp toenails. [potion of beneficial mutation]
 25435 | Vaults:1 | Received a gift from Trog
 25437 | Vaults:1 | Cast into level 3 of the Abyss (a deep elf sorcerer)
 25533 | Abyss:3  | Gained mutation: You expend magic power (3 MP) to strengthen your wands. [a neqoxec]
 25553 | Abyss:3  | Lost intelligence.
 25568 | Abyss:3  | Gained mutation: Your body sometimes deteriorates upon taking damage. [a neqoxec]
 25687 | Abyss:3  | Reached skill level 15 in Armour
 25754 | Abyss:3  | Gained mutation: You are occasionally teleported next to monsters. [mutagenic glow]
 25798 | Abyss:3  | Lost mutation: You expend magic power (3 MP) to strengthen your wands. [potion of cure mutation]
 25798 | Abyss:3  | Lost mutation: You are resistant to hostile enchantments. [potion of cure mutation]
 25798 | Abyss:3  | Lost mutation: Your body sometimes deteriorates upon taking damage. [potion of cure mutation]
 25798 | Abyss:3  | Lost mutation: You are occasionally teleported next to monsters. [potion of cure mutation]
 25811 | Abyss:3  | Gained mutation: You have a pair of large horns on your head. [mutagenic glow]
 25825 | Abyss:3  | Paralysed by accursed screaming for 1 turns
 25836 | Abyss:3  | Paralysed by accursed screaming for 1 turns
 25840 | Abyss:3  | Paralysed by accursed screaming for 1 turns
 25842 | Abyss:3  | HP: 9/191 [starcursed mass/accursed screaming (13)]
 25844 | Abyss:3  | Gained mutation: You expend magic power (3 MP) to strengthen your wands. [mutagenic glow]
 25846 | Abyss:3  | Killed from afar by a starcursed mass

Skill      XL: |  1  2  3  4  5  6  7  8  9 10 11 12 13 14 15 16 17 18 19 |
---------------+----------------------------------------------------------+-----
Fighting       | 4 5 6 7 8 9 10 14 15 16 19 21 | 21.7
Axes           | 4 6 9 10 16 18 | 18.2
Armour         | 4 6 8 10 11 13 14 15 | 15.0
Dodging        | 3 5 8 10 12 14 | 14.1
Evocations     | 9 10 | 10.1
Shields        | 9 11 12 13 15 | 15.5

Action                   |  1- 3 |  4- 6 |  7- 9 | 10-12 | 13-15 | 16-18 | 19-21 || total
-------------------------+-------+-------+-------+-------+-------+-------+-------++-------
Melee: Hand axe          |    89 |     5 |       |       |       |       |       ||    94
       Headbutt          |    16 |    14 |    41 |   157 |   307 |   345 |    21 ||   901
       War axe           |       |    80 |   206 |   577 |   233 |       |       ||  1096
       Broad axe         |       |       |       |       |   912 |  1092 |    66 ||  2070
       Kick              |       |       |       |       |   148 |   302 |       ||   450
 Fire: Blowgun           |       |       |       |       |       |     7 |       ||     7
Invok: Berserk           |     1 |       |     5 |     6 |     9 |     7 |       ||    28
       Trog's Hand       |       |       |     8 |     5 |    15 |    31 |     2 ||    61
       Burn Spellbooks   |       |       |       |     1 |     3 |     4 |       ||     8
       Brothers in Arms  |       |       |       |       |     5 |       |       ||     5
 Abil: Evoke Blink       |       |       |       |       |    10 |     1 |    18 ||    29
Evoke: Wand              |       |       |       |       |       |       |     4 ||     4
  Use: Potion            |     3 |     4 |       |     2 |    11 |     6 |     7 ||    33
       Scroll            |       |     6 |    11 |     8 |    29 |    10 |     1 ||    65
 Stab: Invisible         |     1 |       |       |       |       |       |       ||     1
  Eat: Bread ration      |       |     2 |     2 |     1 |     3 |     5 |       ||    13
       Fruit             |       |       |     2 |     1 |       |     1 |       ||     4
       Meat ration       |       |       |       |     5 |     5 |     2 |     1 ||    13
       Royal jelly       |       |       |       |       |     1 |       |       ||     1
       Beef jerky        |       |       |       |       |       |     3 |       ||     3
       Pizza             |       |       |       |       |       |       |     1 ||     1
Armor: Animal skin       |    17 |    13 |       |       |       |       |       ||    30
       Scale mail        |       |    25 |    89 |    17 |       |       |       ||   131
       Plate armour      |       |       |       |   326 |   651 |       |       ||   977
       Crystal plate arm |       |       |       |       |    54 |   937 |   102 ||  1093
Dodge: Dodged            |    58 |    56 |   148 |   411 |   616 |   676 |   128 ||  2093
Block: Shield            |       |       |       |       |  1123 |  1266 |   227 ||  2616
